 Dungeon Crawl Stone Soup version 0.22-a0-136-g83a10e5 (webtiles) character file.

510 varam the Conjurer (level 6, -1/41 HPs)
             Began as a Demonspawn Wizard on Feb 4, 2018.
             Was an Initiate of Gozag.
             Killed by divine providence
             ... invoked by an orc priest
              (13 damage)
             ... on level 5 of the Dungeon.
             The game lasted 00:19:37 (6211 turns).

varam the Conjurer (Demonspawn Wizard)              Turns: 6211, Time: 00:19:38

Health: -1/41      AC:  2    Str:  8    XL:     6   Next: 98%
Magic:  5/10       EV: 12    Int: 21    God:    Gozag
Gold:   548        SH:  0    Dex: 11    Spells: 5/11 levels left

rFire    . . .     SeeInvis .   h - +0 short sword
rCold    . . .     Gourm    .   (no shield)
rNeg     . . .     Faith    .   a - +0 robe
rPois    .         Spirit   .   b - +0 hat
rElec    .         Reflect  .   (no cloak)
rCorr    .         Harm     .   (no gloves)
MR       .....                  (no boots)
Stlth    +++.......             (no amulet)
HPRegen  0.13/turn              (no ring)
MPRegen  0.12/turn              (no ring)

@: no status effects
A: hooves 2, nightstalker 2
a: Potion Petition, Call Merchant, Bribe Branch, Renounce Religion


You were on level 5 of the Dungeon.
You worshipped Gozag.
Gozag was pleased with you.
You were not hungry.

You visited 1 branch of the dungeon, and saw 5 of its levels.

You collected 576 gold pieces.
You paid 28 gold pieces to Gozag.

Inventory:

Hand Weapons
 g - the +3 dagger "Widowermaker" {holy, MR- Str+10, unknown}
   (You found it on level 4 of the Dungeon)

   It has been blessed by the Shining One to cause great damage to the undead
   and demons.
   It affects your strength (+10).
   It affects your resistance to hostile enchantments.
 h - a +0 short sword (weapon)
Armour
 a - a +0 robe (worn)
 b - a +0 hat (worn)
 n - a +0 buckler
 p - a +0 shield
Jewellery
 w - a cursed -3 ring of dexterity {unknown}
Scrolls
 e - a scroll of blinking
 i - a scroll of immolation
 k - 3 scrolls of identify
 l - 3 scrolls of magic mapping {unknown}
 m - 5 scrolls of remove curse {unknown}
 s - a scroll of teleportation {unknown}
 t - a scroll of enchant armour {unknown}
 u - 2 scrolls of fear {unknown}
 v - 2 scrolls of enchant weapon {unknown}
Potions
 f - a potion of brilliance {unknown}
 j - 3 potions of degeneration
 o - a potion of cancellation {unknown}
 q - a potion of agility {unknown}
 r - a potion of magic {unknown}
 x - a potion of haste
 z - 4 potions of flight {unknown}
 A - a potion of lignification {unknown}
Books
 c - a book of Minor Magic

   Spells                             Type                      Level
   a - Magic Dart                     Conjuration                  1
   b - Blink                          Translocation                2
   c - Call Imp                       Summoning                    2
   d - Slow                           Hexes                        2
   e - Conjure Flame                  Conjuration/Fire             3
   f - Mephitic Cloud                 Conjuration/Poison/Air       3
Comestibles
 d - 8 rations


   Skills:
 - Level 1.7 Dodging
 - Level 1.7 Stealth
 - Level 3.0 Spellcasting
 + Level 5.2 Conjurations
 + Level 2.4 Summonings
   Level 0.8 Translocations
 - Level 2.6 Air Magic
 - Level 2.8 Poison Magic


You had 5 spell levels left.
You knew the following spells:

 Your Spells              Type           Power        Failure   Level  Hunger
a - Magic Dart            Conj           ####         1%          1    None
b - Call Imp              Summ           ##......     8%          2    ##.....
c - Mephitic Cloud        Conj/Pois/Air  ###.....     9%          3    ###....


Dungeon Overview and Level Annotations

Branches:
Dungeon (5/15)
 Temple: D:4-7

Altars:
Dithmenos
Gozag
Kikubaaqudgha
Nemelex Xobeh
Xom
The Shining One


Innate Abilities, Weirdness & Mutations

You have hoof-like feet.
You are significantly more attuned to the shadows.


Message History

Aim: an orc priest, wielding a mace and wearing a ring mail Attack!
Your crimson imp hits the orc priest.
The orc priest misses your crimson imp.
Your crimson imp closely misses the orc priest.
Your crimson imp barely misses the orc priest.
The orc priest hits your crimson imp with a mace.
Your crimson imp hits the orc priest.
Your magical contamination has completely faded away.
Your crimson imp hits the orc priest.
The orc priest hits your crimson imp but does no damage.
Your crimson imp barely misses the orc priest.
Your crimson imp hits the orc priest.
The orc priest barely misses your crimson imp.
Your crimson imp hits the orc priest but does no damage.
Your crimson imp barely misses the orc priest.
Your crimson imp blinks!
The orc priest mumbles some strange prayers to Beogh against you.
Beogh smites you!
You die...
Your body crumbles into a pile of gold.

.............###...........
############.....##########
##...).....# # #.#######.#
# ########[# ....#.# #
......##5###...#.# #
......o.5o$#.#.#.#####
.....5##.#($...#.#....
$....@##.###(###.#.###
########.#.....#.#.#
#.#.#.#.#.#.# #.#.#.#.#.#.#
### # #.# #.#.# #.# #.#
#.#.# #.# #.#.# #.# #.#.#
#.# #.#.#


You could see an orc priest and a friendly crimson imp.

Vanquished Creatures
  A phantom (D:4)
  An ogre (D:5)
  A bullfrog (D:4)
  A centaur zombie (D:5)
  2 worker ants (D:4)
  A hound skeleton (D:5)
  6 adders
  A shadow imp (D:5)
  2 oozes (D:1)
  2 adder skeletons (D:5)
  2 worms (D:3)
  2 dart slugs
  5 leopard geckos
  7 orcs
  4 ball pythons
  3 giant cockroaches
  3 hobgoblins (D:1)
  4 kobolds
  A quokka (D:4)
  8 bats
  4 frilled lizards
  5 goblins
  A quokka zombie (D:5)
  4 rats
71 creatures vanquished.

Vanquished Creatures (collateral kills)
  A scorpion (D:5)
  Jessica (D:5)
  A worker ant (D:5)
  The ghost of varam the Firebug, a weakling DsFE (D:3)
  2 adders (D:4)
  An adder skeleton (D:4)
  5 worms
  2 orcs
  A giant cockroach (D:5)
15 creatures vanquished.

Grand Total: 86 creatures vanquished

Notes
Turn   | Place    | Note
-------+----------+-------------------------------------------
     0 | D:1      | varam the Demonspawn Wizard began the quest for the Orb.
     0 | D:1      | Reached XP level 1. HP: 13/13 MP: 4/4
   109 | D:1      | Reached skill level 2 in Conjurations
   311 | D:1      | Gained mutation: You have large cloven feet. [demonic ancestry]
   311 | D:1      | Reached XP level 2. HP: 19/19 MP: 1/6
   489 | D:1      | Learned a level 2 spell: Call Imp
   822 | D:1      | Reached skill level 3 in Conjurations
   830 | D:1      | Reached XP level 3. HP: 22/24 MP: 1/7
  1219 | D:2      | Found a shadowy altar of Dithmenos.
  1223 | D:2      | Found a shimmering altar of Xom.
  1268 | D:2      | Learned a level 3 spell: Mephitic Cloud
  1272 | D:2      | Found a glowing golden altar of the Shining One.
  1528 | D:2      | Found an opulent altar of Gozag.
  1563 | D:2      | Became a worshipper of Gozag Ym Sagoz the Greedy
  1984 | D:3      | Noticed varam's ghost (weakling DsFE)
  2076 | D:4      | Reached skill level 1 in Poison Magic
  2076 | D:4      | Gained mutation: You are slightly more attuned to the shadows. [demonic ancestry]
  2076 | D:4      | Reached XP level 4. HP: 8/30 MP: 2/8
  2340 | D:4      | Noticed a phantom
  2391 | D:4      | Reached skill level 1 in Air Magic
  2421 | D:3      | HP: 2/30 [adder (2)]
  3092 | D:3      | Killed varam's ghost
  3407 | D:4      | HP: 2/30 [adder (2)]
  3596 | D:4      | Gained mutation: You have hoof-like feet. [demonic ancestry]
  3596 | D:4      | Reached XP level 5. HP: 27/35 MP: 4/9
  3645 | D:4      | Reached skill level 4 in Conjurations
  4179 | D:4      | Reached skill level 2 in Air Magic
  4179 | D:4      | Reached skill level 2 in Poison Magic
  4268 | D:4      | Killed a phantom
  4268 | D:4      | Gained mutation: You are significantly more attuned to the shadows. [demonic ancestry]
  4268 | D:4      | Reached XP level 6. HP: 13/41 MP: 0/10
  4501 | D:4      | Got a warped dagger
  4544 | D:4      | Found an ancient bone altar of Kikubaaqudgha.
  4581 | D:5      | Entered Level 5 of the Dungeon
  5262 | D:5      | Reached skill level 5 in Conjurations
  5276 | D:5      | Reached skill level 2 in Summonings
  5959 | D:5      | Found a sparkling altar of Nemelex Xobeh.
  5959 | D:5      | Noticed Jessica
  5963 | D:5      | Killed Jessica
  6211 | D:5      | Killed from afar by an orc priest

Vault maps used:
D:1:      dpeg_arrival_radiant, minmay_misc_feat_rows
D:2:      nicolae_gozag_cash_rules_everything_around_me,
          nicolae_overflow_crystal_walls, grunt_temple_overflow_open,
          first_ration
D:3:      serial_park_tiny_2
D:4:      lemuel_crystal_altar, minmay_snake_closets
D:5:      nemelex_lonely_heart_becter

Skill      XL: |  1  2  3  4  5  6 |
---------------+-------------------+-----
Conjurations   | 2 3 4 5 |  5.2
Poison Magic   | 1 2 |  2.8
Air Magic      | 1 2 |  2.6
Summonings     | 2 |  2.4
Dodging        | |  1.7
Stealth        | |  1.7
Spellcasting   | |  3.0
Translocations | |  0.8

Action                   |  1- 3 |  4- 6 || total
-------------------------+-------+-------++-------
Melee: Unarmed           |     8 |       ||     8
       Short sword       |    47 |   101 ||   148
       Kick              |     7 |    14 ||    21
 Cast: Magic Dart        |    69 |    88 ||   157
       Call Imp          |    13 |    35 ||    48
       Mephitic Cloud    |     1 |     3 ||     4
  Use: Scroll            |       |     3 ||     3
       Potion            |       |     3 ||     3
 Stab: Distracted        |     2 |       ||     2
       Confused          |     1 |     1 ||     2
       Sleeping          |       |     3 ||     3
  Eat: Chunk             |     3 |       ||     3
       Ration            |       |     5 ||     5
Armor: Robe              |    11 |    18 ||    29
Dodge: Dodged            |    49 |   151 ||   200

Table legend:
 A = Spawn XP
 B = Non-spawn XP
 C = Spawn XP percentage of total XP
 D = Spawn monster count
 E = Non-spawn monster count
 F = Spawn count percentage of total count
 G = Total turns spent on level
                    A         B        C        D         E        F      G
               +---------+---------+-------+---------+---------+-------+---------
         Total |       0 |     729 |   0.0 |       0 |      86 |   0.0 |  6211
               +---------+---------+-------+---------+---------+-------+---------
           D:1 |       0 |      43 |   0.0 |       0 |      20 |   0.0 |  1041
           D:2 |       0 |      25 |   0.0 |       0 |       9 |   0.0 |   920
           D:3 |       0 |      75 |   0.0 |       0 |      20 |   0.0 |  1106
           D:4 |       0 |     335 |   0.0 |       0 |      19 |   0.0 |  1940
           D:5 |       0 |     251 |   0.0 |       0 |      18 |   0.0 |  1204
               +---------+---------+-------+---------+---------+-------+---------
